 Dungeon Sprint DCSS version 0.21-a0-278-ga722497 (webtiles) character file.

47 potatolord6000 the Chopper (level 3, -1/37 HPs)
             Began as a Hill Orc Monk on Sept 22, 2017.
             Was a Priest of Beogh.
             Slain by a wolf (6 damage)
             ... while paralysed by a floating eye
             ... in the Dungeon (Sprint VII: "The Pits").
             The game lasted 00:00:47 (425 turns).

potatolord6000 the Chopper (Hill Orc Monk)           Turns: 425, Time: 00:00:47

Health: -1/37      AC:  2    Str: 14    XL:     3   Next: 70%
Magic:  5/5        EV:  2    Int: 10    God:    Beogh [***...]
Gold:   0          SH:  0    Dex: 13    Spells: 2/2 levels left

rFire    . . .     SeeInvis .   j - +2 hand axe
rCold    . . .     Gourm    .   (no shield)
rNeg     . . .     Faith    .   b - +0 robe
rPois    .         Spirit   .   (no helmet)
rElec    .         Reflect  .   (no cloak)
rCorr    .         Harm     .   (no gloves)
MR       .....     NoTele   +   (no boots)
Stlth    ++........             (no amulet)
HPRegen  0.12/turn              (no ring)
MPRegen  0.09/turn              (no ring)

@: paralysed
A: no striking features
a: Smiting, Renounce Religion


You were in the Dungeon.
You worshipped Beogh.
Beogh was most pleased with you.
You were not hungry.

You visited 1 branch

Inventory:

Hand Weapons
 j - a +2 hand axe (weapon)
Armour
 b - a +0 robe (worn)
Scrolls
 i - a scroll of blinking
 k - 3 scrolls of remove curse
 l - 5 scrolls of amnesia
 m - a scroll of summoning
Potions
 a - 2 potions of invisibility
 f - a potion of haste
 g - 4 potions of magic
 h - 3 potions of berserk rage
Comestibles
 c - 8 bread rations
 n - 40 fruits
 o - 7 meat rations


   Skills:
 + Level 5.7 Fighting
 + Level 6.2 Axes
 + Level 3.8 Armour
 - Level 2.4 Dodging
 - Level 1.5 Stealth
 + Level 3.2 Invocations


You had 2 spell levels left.
You didn't know any spells.

Dungeon Overview and Level Annotations

Branches:
Dungeon (1/1)

Altars:
Ashenzari
Cheibriados
Dithmenos
Elyvilon
Fedhas
Gozag
Hepliaklqana
Kikubaaqudgha
Makhleb
Nemelex Xobeh
Okawaru
Qazlal
Ru
Sif Muna
Trog
Uskayaw
Vehumet
Wu Jian
Xom
Yredelemnul
Zin
The Shining One
Beogh
Jiyva
Lugonu


Message History

The floating eye seems to glare at you.
You hit the wolf.
The wolf is heavily wounded.
You hit the frilled lizard.
You kill the frilled lizard!
Beogh accepts your kill.
You can now gain orcish followers.
The wolf bites you! The wolf closely misses you.
You hit the wolf but do no damage.
The wolf is heavily wounded.
You hit the floating eye. The wolf bites you! The wolf misses you.
You barely miss the wolf.
The wolf is heavily wounded.
You hit the floating eye. The wolf bites you.
* * * LOW HITPOINT WARNING * * *
The floating eye gazes piercingly through you!
You suddenly lose the ability to move!
The wolf bites you.
* * * LOW HITPOINT WARNING * * *
The wolf bites you.
You die...

#.?(.')))'.##......#..#
##########.##..........
#..........÷'..........
#+#####'#####......#..#
#. #.†.'.##..........
#..#...#.#####'#####+
#..#####.##.......#
#..G..†#.##.......#
#..h@†.'.##.......#
#..########...<...# #.
#.......# # #.......#
#.......# #########


You could see a wolf and a floating eye.

Vanquished Creatures
  A worker ant (D)
  A gnoll (D)
  An adder (D)
  A giant cockroach (D)
  A bat (D)
  A frilled lizard (D)
6 creatures vanquished.

Notes
Turn   | Place    | Note
-------+----------+-------------------------------------------
     0 | D        | potatolord6000 the Hill Orc Monk began the quest for the Orb.
     0 | D        | Reached XP level 1. HP: 19/19 MP: 1/1
    21 | D        | Reached skill level 5 in Axes
    21 | D        | Reached XP level 2. HP: 4/28 MP: 2/2
    58 | D        | Found a bloodstained altar of Trog.
    58 | D        | Found a deep blue altar of Sif Muna.
    58 | D        | Found a viscous altar of Jiyva.
    58 | D        | Found a hazy altar of Hepliaklqana.
    58 | D        | Found an opulent altar of Gozag.
    59 | D        | Found a glowing golden altar of the Shining One.
    59 | D        | Found a glowing silver altar of Zin.
    59 | D        | Found a basalt altar of Yredelemnul.
    59 | D        | Found a shimmering altar of Xom.
    59 | D        | Found an ornate altar of the Wu Jian Council.
    59 | D        | Found a sacrificial altar of Ru.
    59 | D        | Found a stormy altar of Qazlal.
    59 | D        | Found an iron altar of Okawaru.
    59 | D        | Found a sparkling altar of Nemelex Xobeh.
    59 | D        | Found a burning altar of Makhleb.
    59 | D        | Found a blossoming altar of Fedhas.
    59 | D        | Found a white marble altar of Elyvilon.
    59 | D        | Found a shadowy altar of Dithmenos.
    59 | D        | Found a snail-covered altar of Cheibriados.
    61 | D        | Found a radiant altar of Vehumet.
    61 | D        | Found a corrupted altar of Lugonu.
    61 | D        | Found a roughly hewn altar of Beogh.
    63 | D        | Found an ancient bone altar of Kikubaaqudgha.
    63 | D        | Found a hide-covered altar of Uskayaw.
    63 | D        | Found a shattered altar of Ashenzari.
    71 | D        | Became a worshipper of Beogh the Brigand
    71 | D        | Reached * piety under Beogh
    71 | D        | Reached ** piety under Beogh
   310 | D        | Reached skill level 5 in Fighting
   311 | D        | Reached skill level 6 in Axes
   311 | D        | Reached XP level 3. HP: 23/36 MP: 2/5
   419 | D        | Noticed a wolf
   420 | D        | Noticed a floating eye
   422 | D        | Reached *** piety under Beogh
   424 | D        | Paralysed by a floating eye for 2 turns
   425 | D        | Slain by a wolf

Vault maps used:
D:        pitsprint

Skill      XL: |  1  2 |
---------------+-------+-----
Fighting       | 4 5 |  5.7
Axes           | 5 6 |  6.2
Armour         | 2 3 |  3.8
Invocations    | 3 |  3.2
Dodging        | |  2.4
Stealth        | |  1.5

Action                   || total
-------------------------++-------
Melee: Hand axe          ||    23
  Use: Potion            ||     2
Armor: Robe              ||     2
Dodge: Dodged            ||    27

Table legend:
 A = Spawn XP
 B = Non-spawn XP
 C = Spawn XP percentage of total XP
 D = Spawn monster count
 E = Non-spawn monster count
 F = Spawn count percentage of total count
 G = Total turns spent on level
                    A         B        C        D         E        F      G
               +---------+---------+-------+---------+---------+-------+---------
         Total |       0 |      68 |   0.0 |       0 |       6 |   0.0 |   425
               +---------+---------+-------+---------+---------+-------+---------
             D |       0 |      68 |   0.0 |       0 |       6 |   0.0 |   425
               +---------+---------+-------+---------+---------+-------+---------
